 Dungeon Crawl Stone Soup version 0.24.1-5-g77f818bfca (webtiles) character file.

Game seed: 791269502811782357, levelgen mode: deterministic

9449 Peloso the Blocker (level 11, -3/89 HPs)
             Began as a Gnoll Fighter on Apr 24, 2020.
             Was a High Priest of Okawaru.
             Slain by a troll (10 damage)
             ... on level 10 of the Dungeon.
             The game lasted 00:25:51 (9339 turns).

Peloso the Blocker (Gnoll Fighter)                  Turns: 9339, Time: 00:25:52

Health: -3/89      AC: 19    Str: 26    XL:     11   Next: 46%
Magic:  20/20      EV: 14    Int: 10    God:    Okawaru [*****.]
Gold:   432        SH: 15    Dex: 16    Spells: 22/22 levels left

rFire    . . .     SeeInvis +   a - +6 falchion
rCold    . . .     Gourm    .   c - +1 shield
rNeg     . . .     Faith    .   y - +0 plate armour
rPois    .         Spirit   .   (no helmet)
rElec    .         Reflect  .   (no cloak)
rCorr    .         Harm     .   n - +0 pair of gloves
MR       .....                  s - +0 pair of boots
Stlth    ..........             u - amulet of the acrobat
HPRegen  0.24/turn              m - ring of see invisible
MPRegen  0.17/turn              w - ring of flight

@: mighty, heroism
A: distributed training, fangs 1, strong nose
a: Heroism, Finesse, Renounce Religion, Evoke Flight


You were on level 10 of the Dungeon.
You worshipped Okawaru.
Okawaru was extremely pleased with you.
You were not hungry.

You visited 2 branches of the dungeon, and saw 11 of its levels.
You also visited: Sewer and Bailey.

You collected 432 gold pieces.

Inventory:

Hand Weapons
 a - a +6 falchion (weapon)
 b - a +1 short sword of flaming
Armour
 c - a +1 shield (worn)
 n - a +0 pair of gloves (worn)
 o - a +0 scale mail
 s - a +0 pair of boots (worn)
 y - a +0 plate armour (worn)
Jewellery
 k - an uncursed ring of magical power
 m - a ring of see invisible (left hand)
 u - an amulet of the acrobat (around neck)
 w - a ring of flight (right hand)
 G - an uncursed ring of ice {unknown}
 L - a cursed +2 ring of dexterity {unknown}
Wands
 r - a wand of paralysis (10)
 A - a wand of flame (20)
 F - a wand of iceblast (6)
 H - a wand of clouds (4)
 I - a wand of polymorph (16)
Scrolls
 g - 6 scrolls of teleportation
 l - 3 scrolls of remove curse
 q - 2 scrolls of blinking
 t - 4 scrolls of enchant armour
 v - 2 scrolls of enchant weapon
 x - 2 scrolls of amnesia
 B - 2 scrolls of identify
 C - 2 scrolls of immolation {unknown}
 J - a scroll of brand weapon {unknown}
Potions
 d - a potion of might
 e - a potion of mutation
 h - a potion of curing
 i - a potion of brilliance
 j - 2 potions of agility
 p - a potion of magic
Miscellaneous
 z - a lightning rod (4/4)
 D - a lamp of fire
 E - a lamp of fire
Comestibles
 f - 12 rations
 K - 2 chunks of flesh


   Skills:
 + Level 9.1(14.1) Fighting
 + Level 6.2(11.2) Short Blades
 + Level 7.8(12.8) Long Blades
 + Level 6.2(11.2) Axes
 + Level 6.2(11.2) Maces & Flails
 + Level 6.2(11.2) Polearms
 + Level 6.2(11.2) Staves
 + Level 6.2(11.2) Slings
 + Level 6.2(11.2) Bows
 + Level 6.2(11.2) Crossbows
 + Level 6.2(11.2) Throwing
 + Level 9.1(14.1) Armour
 + Level 6.2(11.2) Dodging
 + Level 6.2(11.2) Stealth
 + Level 9.1(14.1) Shields
 + Level 6.2(11.2) Unarmed Combat
 + Level 6.2 Spellcasting
 + Level 5.1 Conjurations
 + Level 5.1 Hexes
 + Level 5.1 Charms
 + Level 5.1 Summonings
 + Level 5.1 Necromancy
 + Level 5.1 Translocations
 + Level 5.1 Transmutations
 + Level 5.1 Fire Magic
 + Level 5.1 Ice Magic
 + Level 5.1 Air Magic
 + Level 5.1 Earth Magic
 + Level 5.1 Poison Magic
 + Level 6.8 Invocations
 + Level 6.2 Evocations


You had 22 spell levels left.
You didn't know any spells.
Your spell library contained the following spells:

 Spells                   Type           Power        Failure   Level  Hunger
 Animate Skeleton         Necr           N/A          21%         1    None
 Apportation              Tloc           ##....       21%         1    None
 Confusing Touch          Hex            ##....       21%         1    None
 Summon Small Mammal      Summ           ##..         21%         1    None


Dungeon Overview and Level Annotations

Branches:
Dungeon (10/15)            Temple (1/1) D:5            Lair (0/6) D:10
  Sewer (visited)          Bailey (visited)
    Orc: D:9-12

Altars:
Ashenzari
Cheibriados
Dithmenos
Elyvilon
Fedhas
Gozag
Hepliaklqana
Makhleb
Nemelex Xobeh
Okawaru
Qazlal
Ru
Sif Muna
Uskayaw
Wu Jian
Xom
Yredelemnul
Zin
The Shining One
Beogh

Shops:
D:7 %

Annotations:
D:3 2 transporters, brucemayne's ghost, amateur HOMo
D:5 3 runed translucent doors, ghwc's ghost, novice HuWn
D:7 3 runed translucent doors, Goreval's ghost, novice BaGl


Innate Abilities, Weirdness & Mutations

Your experience applies equally to all skills.
You have very sharp teeth.
Your uncanny sense of smell can sniff out nearby items.


Message History

The fire dragon is almost dead.
You block the fire dragon's attack. The fire dragon barely misses you.
You block the fire dragon's attack. The troll bites you but does no damage.
The troll claws you but does no damage. x2
Unknown command.
Okay, then.
You slash the fire dragon!
You kill the fire dragon!
Okawaru is honoured by your kill.
The fire dragon scales are intact enough to wear.
Unknown command.
You feel better. You block the troll's attack. The troll barely misses you.
The troll closely misses you. You block the troll's attack.
The troll completely misses you. The troll misses you.
You block the troll's attack. x3
You feel better. The troll bites you!
* * * LOW HITPOINT WARNING * * *
You block the troll's attack. The troll claws you!
You die...

#.....######......#...
###.....#...........#...
........#÷..........#...
........'...........#..#
#######.#...........#..#
. #.#...........#..# #.
#.#...........#..# #.
#.#...........#..#
#..#@#.........###...
#..#T#.........# ....
#..'O#.........# ....
#..#.####...####
#..#(...#...# #.
#†[......#
.............##
+##....≈≈≈≈......
......≈≈≈≈≈≈.#....


You could see a two-headed ogre and a troll.

Vanquished Creatures
  Harold (D:8)
  A fire dragon (D:10)
  A two-headed ogre (D:9)
  An orc knight (Bailey)
  Joseph (D:9)
  2 hippogriffs (D:9)
  Sigmund (D:3)
  A shadow (D:9)
  Eustachio (D:6)
  7 yaks (D:9)
  Menkaure (D:6)
  Duvessa (D:6)
  7 orc warriors
  A phantom (D:8)
  2 sky beasts
  2 ice beasts (D:9)
  2 ogres
  A crocodile (D:8)
  A centaur (D:5)
  2 big kobolds
  8 bullfrogs
  Dowan (D:6)
  4 scorpions
  11 killer bees
  9 wights
  A howler monkey (D:7)
  A bullfrog zombie (D:9)
  2 crimson imps
  2 hounds
  2 orc priests
  2 bullfrog skeletons (D:4)
  A jelly (D:9)
  A centaur skeleton (D:5)
  3 iguanas
  8 orc wizards
  Natasha (twice) (D:2)
  12 worker ants
  A killer bee zombie (D:8)
  A hound zombie (D:9)
  A howler monkey zombie (D:8)
  12 adders
  5 gnolls
  8 oozes (Sewer)
  An adder skeleton (D:8)
  4 worms (D:2)
  A dart slug (D:1)
  17 leopard geckos
  19 orcs
  12 giant cockroaches
  18 goblins
  9 hobgoblins
  3 jackals (D:5)
  30 kobolds
  A quokka (D:3)
  8 ball pythons
  8 bats
  25 frilled lizards
  A leopard gecko skeleton (D:4)
  A leopard gecko zombie (D:5)
  A quokka skeleton (D:5)
  2 quokka zombies
  7 rats
303 creatures vanquished.

Notes
Turn   | Place    | Note
-------+----------+-------------------------------------------
     0 | D:1      | Peloso the Gnoll Fighter began the quest for the Orb.
     0 | D:1      | Reached XP level 1. HP: 23/23 MP: 1/1
    99 | D:1      | Reached XP level 2. HP: 26/29 MP: 2/2
   392 | D:1      | Reached XP level 3. HP: 34/35 MP: 3/3
   886 | D:2      | Noticed Natasha
   898 | D:2      | Killed Natasha
   898 | D:2      | Reached skill level 1 in Short Blades
   898 | D:2      | Reached skill level 1 in Axes
   898 | D:2      | Reached skill level 1 in Maces & Flails
   898 | D:2      | Reached skill level 1 in Polearms
   898 | D:2      | Reached skill level 1 in Staves
   898 | D:2      | Reached skill level 1 in Slings
   898 | D:2      | Reached skill level 1 in Bows
   898 | D:2      | Reached skill level 1 in Crossbows
   898 | D:2      | Reached skill level 1 in Throwing
   898 | D:2      | Reached skill level 1 in Dodging
   898 | D:2      | Reached skill level 1 in Stealth
   898 | D:2      | Reached skill level 1 in Unarmed Combat
   898 | D:2      | Reached skill level 1 in Spellcasting
   898 | D:2      | Reached skill level 1 in Invocations
   898 | D:2      | Reached skill level 1 in Evocations
   898 | D:2      | Reached XP level 4. HP: 22/41 MP: 5/5
  1462 | D:2      | Noticed Natasha
  1468 | D:2      | Killed Natasha
  1468 | D:2      | Reached skill level 1 in Conjurations
  1468 | D:2      | Reached skill level 1 in Hexes
  1468 | D:2      | Reached skill level 1 in Charms
  1468 | D:2      | Reached skill level 1 in Summonings
  1468 | D:2      | Reached skill level 1 in Necromancy
  1468 | D:2      | Reached skill level 1 in Translocations
  1468 | D:2      | Reached skill level 1 in Transmutations
  1468 | D:2      | Reached skill level 1 in Fire Magic
  1468 | D:2      | Reached skill level 1 in Ice Magic
  1468 | D:2      | Reached skill level 1 in Air Magic
  1468 | D:2      | Reached skill level 1 in Earth Magic
  1468 | D:2      | Reached skill level 1 in Poison Magic
  1540 | D:2      | Reached XP level 5. HP: 44/47 MP: 6/6
  1636 | D:3      | Found a transporter.
  1659 | D:3      | Found a transporter.
  1683 | D:3      | Noticed Sigmund
  1806 | D:3      | Killed Sigmund
  1806 | D:3      | Reached XP level 6. HP: 34/53 MP: 6/8
  1948 | D:3      | Noticed brucemayne's ghost (amateur HOMo)
  2100 | D:3      | Found a shimmering blue altar of Sif Muna.
  2420 | D:3      | Found a glowing silver altar of Zin.
  2482 | D:4      | Reached skill level 5 in Long Blades
  2585 | D:4      | Found a glowing drain.
  2614 | Sewer    | Entered a sewer
  2863 | Sewer    | Reached XP level 7. HP: 59/59 MP: 10/10
  3703 | D:5      | Entered Level 5 of the Dungeon
  3726 | D:5      | Found a shadowy altar of Dithmenos.
  3729 | D:5      | Found a runed translucent gate.
  3744 | D:5      | Noticed ghwc's ghost (novice HuWn)
  3747 | D:5      | Identified the cursed +1 spear "Boxkaxzu" {flame, *Noise
                  | rF+ Str+2 Int+4}
  3759 | D:5      | Found a runed translucent gate.
  3760 | D:5      | Found a runed translucent gate.
  3908 | D:5      | Reached XP level 8. HP: 62/67 MP: 12/12
  4210 | D:5      | Found a staircase to the Ecumenical Temple.
  4219 | Temple   | Entered the Ecumenical Temple
  4313 | Temple   | Became a worshipper of Warmaster Okawaru
  4582 | D:5      | Found a roughly hewn altar of Beogh.
  4662 | D:6      | Noticed Eustachio
  4684 | D:6      | Killed Eustachio
  4799 | D:6      | Noticed Dowan
  4799 | D:6      | Noticed Duvessa
  4816 | D:6      | Killed Duvessa
  4816 | D:6      | Reached * piety under Okawaru
  5145 | D:6      | Killed Dowan
  5383 | D:6      | Noticed Menkaure
  5391 | D:6      | Killed Menkaure
  5391 | D:6      | Reached XP level 9. HP: 72/72 MP: 14/14
  5760 | D:7      | Reached ** piety under Okawaru
  5885 | D:7      | Found a flagged portal.
  5969 | Bailey   | Entered a bailey
  6184 | Bailey   | Noticed an orc knight
  6372 | Bailey   | Killed an orc knight
  6372 | Bailey   | Reached skill level 5 in Invocations
  6637 | Bailey   | Reached XP level 10. HP: 62/80 MP: 17/17
  7025 | D:7      | Found Gibi's Food Boutique.
  7028 | D:7      | Found a runed translucent gate.
  7028 | D:7      | Found a runed translucent gate.
  7029 | D:7      | Noticed Goreval's ghost (novice BaGl)
  7030 | D:7      | Found a runed translucent gate.
  7487 | D:8      | Reached skill level 5 in Short Blades
  7487 | D:8      | Reached skill level 5 in Axes
  7487 | D:8      | Reached skill level 5 in Maces & Flails
  7487 | D:8      | Reached skill level 5 in Polearms
  7487 | D:8      | Reached skill level 5 in Staves
  7487 | D:8      | Reached skill level 5 in Slings
  7487 | D:8      | Reached skill level 5 in Bows
  7487 | D:8      | Reached skill level 5 in Crossbows
  7487 | D:8      | Reached skill level 5 in Throwing
  7487 | D:8      | Reached skill level 5 in Dodging
  7487 | D:8      | Reached skill level 5 in Stealth
  7487 | D:8      | Reached skill level 5 in Unarmed Combat
  7487 | D:8      | Reached skill level 5 in Spellcasting
  7487 | D:8      | Reached skill level 5 in Evocations
  7585 | D:8      | Found an opulent altar of Gozag.
  7784 | D:8      | Reached *** piety under Okawaru
  7788 | D:8      | Noticed Harold
  7827 | D:8      | Killed Harold
  7951 | D:9      | Noticed a two-headed ogre
  7972 | D:9      | Killed a two-headed ogre
  7972 | D:9      | Reached **** piety under Okawaru
  8023 | D:9      | Reached XP level 11. HP: 42/87 MP: 19/19
  8361 | D:9      | Noticed Joseph
  8376 | D:9      | Killed Joseph
  8376 | D:9      | Received a gift from Okawaru
  9006 | D:9      | Reached skill level 5 in Conjurations
  9006 | D:9      | Reached skill level 5 in Hexes
  9006 | D:9      | Reached skill level 5 in Charms
  9006 | D:9      | Reached skill level 5 in Summonings
  9006 | D:9      | Reached skill level 5 in Necromancy
  9006 | D:9      | Reached skill level 5 in Translocations
  9006 | D:9      | Reached skill level 5 in Transmutations
  9006 | D:9      | Reached skill level 5 in Fire Magic
  9006 | D:9      | Reached skill level 5 in Ice Magic
  9006 | D:9      | Reached skill level 5 in Air Magic
  9006 | D:9      | Reached skill level 5 in Earth Magic
  9006 | D:9      | Reached skill level 5 in Poison Magic
  9041 | D:9      | Reached ***** piety under Okawaru
  9063 | D:9      | Noticed a fire dragon
  9087 | D:10     | Entered Level 10 of the Dungeon
  9306 | D:10     | Found a staircase to the Lair.
  9307 | D:10     | Noticed a fire dragon
  9322 | D:10     | Received a gift from Okawaru
  9326 | D:10     | Noticed a two-headed ogre
  9333 | D:10     | Killed a fire dragon
  9339 | D:10     | Slain by a troll

Levels and vault maps discovered:
D:1:      scummos_arrival_hexagon, layout_basic
D:2:      layout_basic, first_ration, uniq_natasha
D:3:      layout_basic, zin_scriptorium, gammafunk_ghost_arena, led_sif_book,
          uniq_sigmund
D:4:      layout_rooms, portal_sewer_entry_f, lemuel_old_faithful
D:5:      layout_basic, grunt_dithmenos_smoke, minmay_temple_entry_junction,
          biasface_ghost_orc_armoury
D:6:      layout_basic, hangedman_decor_slide_cut, uniq_eustachio, uniq_duvessa,
          uniq_menkaure
D:7:      layout_rooms, enter_bailey_3, serial_shops, shop,
          gammafunk_ghost_necromancy
D:8:      layout_rooms, marbit_many_paths, uniq_harold
D:9:      dragon1_lemuel, layout_rooms, minmay_overflow_temple_star_quad,
          special_room [special_room_orc], serial_shops, kennysheep_mini,
          uniq_joseph, uniq_erica
D:10:     layout_irregular_city, minmay_lair_entry_lava, hangedman_stone_soup
Temple:   eino_temple_rhombus

Skill      XL: |  1  2  3  4  5  6  7  8  9 10 11 |
---------------+----------------------------------+-----
Short Blades   | 1 2 3 4 5 6 |  6.2
Axes           | 1 2 3 4 5 6 |  6.2
Maces & Flails | 1 2 3 4 5 6 |  6.2
Polearms       | 1 2 3 4 5 6 |  6.2
Staves         | 1 2 3 4 5 6 |  6.2
Slings         | 1 2 3 4 5 6 |  6.2
Bows           | 1 2 3 4 5 6 |  6.2
Crossbows      | 1 2 3 4 5 6 |  6.2
Throwing       | 1 2 3 4 5 6 |  6.2
Dodging        | 1 2 3 4 5 6 |  6.2
Stealth        | 1 2 3 4 5 6 |  6.2
Unarmed Combat | 1 2 3 4 5 6 |  6.2
Spellcasting   | 1 2 3 4 5 6 |  6.2
Invocations    | 1 2 3 4 5 6 |  6.8
Evocations     | 1 2 3 4 5 6 |  6.2
Conjurations   | 1 2 3 4 5 |  5.1
Hexes          | 1 2 3 4 5 |  5.1
Charms         | 1 2 3 4 5 |  5.1
Summonings     | 1 2 3 4 5 |  5.1
Necromancy     | 1 2 3 4 5 |  5.1
Translocations | 1 2 3 4 5 |  5.1
Transmutations | 1 2 3 4 5 |  5.1
Fire Magic     | 1 2 3 4 5 |  5.1
Ice Magic      | 1 2 3 4 5 |  5.1
Air Magic      | 1 2 3 4 5 |  5.1
Earth Magic    | 1 2 3 4 5 |  5.1
Poison Magic   | 1 2 3 4 5 |  5.1
Long Blades    | 5 6 7 |  7.8
Fighting       | 7 8 9 |  9.1
Armour         | 7 8 9 |  9.1
Shields        | 7 8 9 |  9.1

Action                   |  1- 3 |  4- 6 |  7- 9 | 10-12 || total
-------------------------+-------+-------+-------+-------++-------
Melee: Long sword        |    85 |   184 |   353 |       ||   622
       Bite              |    11 |    24 |    56 |    80 ||   171
       Falchion          |       |       |   121 |   452 ||   573
Invok: Heroism           |       |       |     7 |     4 ||    11
 Abil: Evoke Flight      |       |       |     3 |       ||     3
  Use: Scroll            |       |     9 |     5 |     1 ||    15
       Potion            |       |       |     2 |     3 ||     5
  Eat: Chunk             |       |     6 |     7 |    10 ||    23
       Ration            |       |       |     2 |       ||     2
Armor: Scale mail        |    45 |    77 |    97 |       ||   219
       Chain mail        |       |       |   104 |       ||   104
       Plate armour      |       |       |     1 |   172 ||   173
Dodge: Dodged            |    31 |    63 |   301 |   143 ||   538
Block: Shield            |    55 |   120 |   410 |   284 ||   869
       Rpst.: Long sword |     8 |    22 |    68 |       ||    98
       Falchion          |       |       |     6 |    41 ||    47
